 Dungeon Crawl Stone Soup version 0.20.0-4-g10b340a (webtiles) character file.

660110 theElss the Shatterer (level 27, -6/193 HPs)
             Began as a Gargoyle Berserker on May 26, 2017.
             Was the Champion of Trog.
             Mangled by a death cob (13 damage)
             ... on level 2 of the Realm of Zot on May 27, 2017.
             The game lasted 05:51:36 (82762 turns).

theElss the Shatterer (Gargoyle Berserker)         Turns: 82762, Time: 05:51:37

Health: -6/193     AC: 59    Str: 27      XL:     27
Magic:  33/33      EV: 10    Int: 11 (12) God:    Trog [******]
Gold:   8189       SH: 28    Dex: 13      Spells: 26/26 levels left

rFire    + + +     SeeInvis +   a - +9 morningstar of the Fortune-Teller {crush, rElec}
rCold    + . .     Gourm    +   q - +2 large shield {reflect}
rNeg     + . .     Faith    .   D - +0 gold dragon scales
rPois    ∞         Spirit   .   A - +2 helmet {SInv}
rElec    +         Reflect  +   V - +2 cloak
rCorr    .         Harm     .   x - +3 pair of gloves of Derie {Dex+3}
MR       +++..                  O - +1 pair of boots {run}
Stlth    ..........             B - amulet "Fosm" {Gourm rF+}
Regen    0.5/turn               N - ring of Jesots {rElec rF+ Dex-2 Slay+5}
MPRegen  0.3/turn               o - ring of protection from magic

@: about to teleport, flying, slowed, very slow
A: big wings, deterioration 2, negative energy resistance 1, electricity
resistance, unbreathing, petrification resistance, rot immunity, AC +20
}: 3/15 runes: decaying, serpentine, silver
a: Stop Flying, Berserk, Trog's Hand, Brothers in Arms, Burn Spellbooks,
Renounce Religion


You were on level 2 of the Realm of Zot.
You worshipped Trog.
Trog was exalted by your worship.
You were very full.

You visited 11 branches of the dungeon, and saw 50 of its levels.
You visited the Abyss 1 time.
You also visited: Trove.

You collected 9326 gold pieces.
You spent 1137 gold pieces at shops.

Inventory:

Hand Weapons
 a - the +9 morningstar of the Fortune-Teller (weapon) {crush, rElec}
   (You found it in a treasure trove)

   It inflicts extra damage upon your enemies.
   It insulates you from electricity.
 b - the +6 shillelagh "Devastator" {shatter}
   (Trog gifted it to you on level 1 of the Depths)
 i - the +8 mace of Turmoil {freeze, MR+++ Str+7 Int-2 Dex-5}
   (Trog gifted it to you on level 2 of the Depths)

   It has been specially enchanted to freeze those struck by it, causing extra
   injury to most foes and up to half again as much damage against particularly
   susceptible opponents.
   It can also slow down cold-blooded creatures.
   It affects your strength (+7).
   It affects your intelligence (-2).
   It affects your dexterity (-5).
   It affects your resistance to hostile enchantments.
Armour
 q - a +2 large shield of reflection (worn)
 x - the +3 pair of gloves of Derie (worn) {Dex+3}
   (You found it on level 1 of the Depths)

   It affects your dexterity (+3).
 A - a +2 helmet of see invisible (worn)
 D - +0 gold dragon scales (worn)
 O - a +1 pair of boots of running (worn)
 V - a +2 cloak (worn)
Jewellery
 o - a ring of protection from magic (right hand)
 w - a +4 amulet of reflection
 B - the amulet "Fosm" (around neck) {Gourm rF+}
   (You found it on level 5 of the Depths)

   [amulet of the gourmand]

   It allows you to eat raw meat even when not hungry.
   It protects you from fire.
 H - an uncursed ring of resist corrosion
 N - the ring of Jesots (left hand) {rElec rF+ Dex-2 Slay+5}
   (You found it on level 14 of the Dungeon)

   [ring of protection from fire]

   It affects your dexterity (-2).
   It affects your accuracy and damage with ranged weapons and melee attacks
   (+5).
   It protects you from fire.
   It insulates you from electricity.
 P - a +6 ring of intelligence
Wands
 e - a wand of random effects (23/48)
 j - a wand of enslavement (17/24)
 T - a wand of confusion (17/48)
 U - a wand of flame (24/48)
 W - a wand of polymorph (6/24)
Scrolls
 d - 14 scrolls of identify
 h - 19 scrolls of remove curse
 k - 10 scrolls of blinking
 r - 22 scrolls of teleportation
 y - a scroll of magic mapping
 I - 9 scrolls of fog
 K - 5 scrolls of fear
 L - 2 scrolls of summoning
 M - 5 scrolls of holy word
 S - a scroll of acquirement
 Y - 2 scrolls of silence
Potions
 g - 8 potions of haste
 l - 19 potions of curing
 m - a potion of agility {unknown}
 z - 11 potions of heal wounds
 C - 2 potions of resistance
 F - 3 potions of brilliance
 G - 2 potions of might
 Q - a potion of magic
Books
 f - a book of Clouds

   Spells                             Type                      Level
   a - Poisonous Vapours              Poison/Air                   2
   b - Mephitic Cloud                 Conjuration/Poison/Air       3
   c - Conjure Flame                  Conjuration/Fire             3
   d - Freezing Cloud                 Conjuration/Ice/Air          6
   e - Ring of Flames                 Charms/Fire                  7
   Trog disapproves of the use of such an item.
 J - Sif Muna's Incunabulum of Poison and Fascination
   (You found it on level 2 of the Realm of Zot)

   Spells                             Type                      Level
   a - Sting                          Conjuration/Poison           1
   b - Corona                         Hexes                        1
   c - Ensorcelled Hibernation        Hexes/Ice                    2
   Trog disapproves of the use of such an item.
Miscellaneous
 p - a lamp of fire
 s - a fan of gales
 t - a sack of spiders
 u - a lamp of fire
 E - a box of beasts
Comestibles
 c - 33 bread rations
 n - 39 meat rations
 v - 17 royal jellies
 R - 16 fruits


   Skills:
 + Level 25.4 Fighting
 + Level 26.1 Maces & Flails
 + Level 20.5 Armour
 * Level 6.1 Dodging
 - Level 25.0 Shields
 * Level 14.0 Evocations


You had 26 spell levels left.
You didn't know any spells.

Dungeon Overview and Level Annotations

Branches:
Dungeon (15/15)            Temple (1/1) D:4            Lair (6/6) D:8
  Swamp (4/4) Lair:3        Snake (4/4) Lair:3        Slime (0/5) Lair:5
    Orc (2/2) D:12            Elf (3/3) Orc:2        Vaults (5/5) D:14
  Crypt (3/3) Vaults:3       Tomb (0/3) Crypt:3      Depths (5/5) D:15
    Zot (2/5) Depths:5

Altars:
Ashenzari
Cheibriados
Dithmenos
Gozag
Hepliaklqana
Kikubaaqudgha
Makhleb
Okawaru
Qazlal
Trog
Yredelemnul
Zin
The Shining One
Beogh
Lugonu

Shops:
D:7 (   D:8 *   D:9 =   D:12 !   D:14 *   Orc:2 *(%[*[[   Elf:1 *(*   Elf:2 =}=
Snake:1 [[(   Snake:3 *=*(   Depths:2 [%([   Depths:3 }   Depths:4 %
Depths:5 *

Portals:
Hell: Depths:1 Depths:2 Depths:3 Depths:4 Depths:5
Abyss: Crypt:2 Depths:4
Pandemonium: Depths:1 Depths:3
Ziggurat: Depths:1


Innate Abilities, Weirdness & Mutations

You are resistant to torment.
Your stone body is resilient. (AC +20)
You are immune to poison.
Your large and strong wings let you fly indefinitely.
You resist negative energy. (rN+)
You are resistant to electric shocks. (rElec)
You can survive without breathing.
You are immune to petrification.
You are immune to rotting.
Your body often deteriorates upon taking damage.


Message History

You block the wandering mushroom's attack.
The death cob hits you but does no damage.
You feel much better. You block the death cob's attack. x2
The death cob hits you but does no damage.
The death cob closely misses you. You block the death cob's attack. x2
The Killer Klown tickles you.
* * * LOW HITPOINT WARNING * * *
The Killer Klown shocks you! You resist.
* * * LOW HITPOINT WARNING * * *
You block the death cob's attack.
The white draconian rages.
The deathcap releases spores at you but does no damage.
The wandering mushroom releases spores at you but does no damage.
The death cob hits you but does no damage.
The curse toe gestures.
The death cob hits you but does no damage.
The Killer Klown tickles you but does no damage.
The wandering mushroom releases spores at you but does no damage.
The death cob hits you!
You die...

#.' +....'+'# ##.......##..##..##
#.'++§/|.'+'# #.........#......#.
#.'+'.§$.'z'# #.........#.#.###..
#.' +.§§§'''###.......<.###.....#
#.' +'''fpf.z##.......##..[.#.##
#.'++++'§f''pf###.....##...#####.
##'''''y8ff'§§dq##...###......##.
##########yfzqzf#####..#....###.
###yqz@f# #.........## ###zfp#
######.....# #ffff#####..........
#...##.#........#...
#...#...##.....##...
#...........#..####.
##..^..###.#####....
##...##.......###.)
###.#............#


You could see 3 Killer Klowns, a black draconian monk (berserk), a yellow
draconian knight (invisible), a white draconian (berserk), 3 curse toes, 3 death
cobs, a yellow draconian stormcaller, 4 deathcaps, 2 moths of wrath and 10
wandering mushrooms.

Vanquished Creatures
  Mara (Depths:4)
  Mennas (Depths:3)
  A juggernaut (Depths:2)
  A greater mummy (Crypt:3)
  Boris (twice) (Vaults:4 Depths:5)
  Margery (Depths:3)
  Frederick (Depths:5)
  3 caustic shrikes
  Saint Roka (Depths:3)
  A Killer Klown (Zot:2)
  5 golden dragons
  Jory (Crypt:3)
  Nikola (Vaults:2)
  A bone dragon (Depths:5)
  7 liches
  The ghost of skittles the Scorcher, an adept DrFE of Vehumet (Snake:3)
  Rupert (D:14)
  16 tentacled monstrosities
  The ghost of gottagoquickly the Warrior, an adept MiBe of Trog (Elf:3)
  The ghost of Monsterracer the Slingshot, an adept HaHu of Okawaru (Vaults:3)
  Asterion (Depths:3)
  3 deep elf blademasters
  8 quicksilver dragons
  A tentacled starspawn (Abyss:4)
  4 titans
  10 sphinxes
  A death cob (Zot:2)
  11 tengu reavers
  The ghost of feelmyfire the Eclecticist, an adept DEFE of Vehumet (Swamp:4)
  2 thorn hunters
  Donald (Snake:1)
  5 shadow dragons
  7 storm dragons
  2 revenants
  12 nagarajas
  2 draconian knights (Depths:5)
  A balrug (Depths:4)
  An iron dragon (Depths:1)
  17 fire giants
  4 draconian shifters (Zot:2)
  16 vault wardens
  Aizul (Lair:3)
  14 frost giants
  6 deep elf sorcerers
  6 ghouls (Crypt:2)
  A curse skull (Crypt:2)
  4 deep elf elementalists
  3 orc warlords
  2 draconian annihilators (Zot:2)
  2 spriggan defenders (Depths:4)
  2 draconian stormcallers
  20 ironheart preservers
  The ghost of MirrMurr the Unseen, an adept SpEn of Ashenzari (Snake:3)
  31 very ugly things
  4 war gargoyles
  A juggernaut skeleton (Depths:4)
  A reaper (Crypt:3)
  11 vampire knights
  2 entropy weavers (Vaults:5)
  30 stone giants
  8 deep elf annihilators
  6 deep elf demonologists
  5 red draconians
  9 green draconians
  7 white draconians
  Azrael (Snake:1)
  2 purple draconians (Depths:5)
  4 black draconians
  4 starcursed masses (Abyss:4)
  9 yellow draconians
  2 spark wasps
  7 deep elf death magi
  15 ettins
  A crystal guardian (Vaults:4)
  8 eidola
  2 green deaths (Swamp:4)
  A merfolk javelineer (Depths:3)
  26 fire dragons
  16 jiangshi
  5 mummy priests (Crypt:3)
  3 deep elf high priests
  Josephine (Lair:6)
  Fannar (D:10)
  Harold (D:12)
  9 great orbs of eyes
  24 yaktaur captains
  34 vault guards
  18 hydras
  A ghost crab (Swamp:4)
  6 rakshasas
  8 death knights
  A quicksilver dragon skeleton (Depths:4)
  10 centaur warriors
  5 spriggan air magi
  24 anacondas
  16 ice dragons
  2 catoblepae
  9 naga warriors
  31 dancing weapons
  16 ogre magi
  An anaconda (shapeshifter) (D:15)
  57 two-headed ogres
  5 tengu warriors
  15 alligators
  10 death yaks
  4 spriggan berserkers
  4 vampire magi
  8 thrashing horrors
  3 shock serpents
  18 deep troll shamans
  22 naga sharpshooters
  13 deep troll earth magi
  2 sun demons (Depths:4)
  27 hell knights
  2 soul eaters
  21 deep elf knights
  5 small abominations
  4 wretched stars (Abyss:4)
  2 shadow wraiths
  9 glowing orange brains
  3 iron trolls
  6 unseen horrors
  6 swamp dragons
  3 salamander mystics
  2 swamp dragons (shapeshifter)
  11 flayed ghosts
  19 skeletal warriors
  46 deep trolls
  2 shambling mangroves
  6 naga ritualists
  5 wizards
  3 spriggan druids
  20 ironbrand convokers
  20 deep elf archers
  8 necromancers
  11 phantasmal warriors
  An orb spider (shapeshifter) (Vaults:1)
  A harpy (shapeshifter) (Vaults:3)
  A wolf spider zombie (D:15)
  A frost giant zombie (Depths:1)
  2 tengu zombies
  61 deep elf magi
  13 orc knights
  9 mana vipers
  3 orc sorcerers
  4 cyclopes
  6 harpies (Vaults:2)
  A fire giant zombie (Depths:1)
  A stone giant zombie (Depths:1)
  8 wolf spiders
  4 manticores
  83 ugly things
  A salamander (shapeshifter) (Vaults:5)
  11 elephants
  11 moths of wrath
  A frost giant skeleton (Abyss:4)
  10 salamanders
  2 guardian serpents (shapeshifter)
  A fire giant skeleton (Crypt:2)
  A black mamba (shapeshifter) (Depths:2)
  Maurice (D:8)
  14 naga magi
  21 vault sentinels
  43 black mambas
  2 gargoyles
  A stone giant skeleton (Depths:1)
  19 spiny frogs
  11 guardian serpents
  2 smoke demons (Abyss:4)
  A yaktaur zombie (Depths:1)
  3 orange demons
  4 centaur zombies
  2 spiny frogs (shapeshifter)
  A molten gargoyle (Depths:3)
  5 spectral swamp worms (Depths:3)
  A black draconian zombie (Crypt:2)
  A rime drake (Lair:1)
  11 freezing wraiths
  2 kobold demonologists (D:15)
  13 komodo dragons
  69 yaktaurs
  An iron troll zombie (Crypt:1)
  6 tengu conjurers
  A yaktaur (shapeshifter) (Depths:3)
  An ancient zyme (Abyss:4)
  36 guardian mummies (Crypt:3)
  A merfolk (shapeshifter) (Vaults:3)
  A jumping spider (shapeshifter) (Depths:4)
  9 trolls
  The ghost of Britaniac the Chopper, an amateur DDFi of Makhleb (D:4)
  A wind drake (shapeshifter) (Depths:1)
  13 polar bears
  2 meliai (shapeshifter) (Vaults:4)
  2 jumping spiders (Vaults:5)
  4 large abominations
  A hornet (shapeshifter) (D:15)
  4 tyrant leeches
  3 raiju (Lair:6)
  16 hornets
  A blink frog (shapeshifter) (Vaults:3)
  13 blink frogs
  34 slime creatures
  13 bog bodies
  7 dream sheep (Lair:6)
  13 hippogriffs
  A hippogriff (shapeshifter) (Vaults:5)
  A meliai zombie (D:13)
  A dream sheep (shapeshifter) (Depths:1)
  A hydra skeleton (Crypt:2)
  A fire dragon zombie (Depths:1)
  A stone giant simulacrum (Depths:1)
  6 air elementals
  A death drake skeleton (Crypt:1)
  2 satyr skeletons
  7 flying skulls
  4 redbacks
  6 spriggans
  18 wraiths
  A ynoxinul (Abyss:4)
  7 shadows
  A redback (shapeshifter) (Vaults:4)
  8 water elementals
  A tarantella (shapeshifter) (Vaults:2)
  A yak (shapeshifter) (Vaults:1)
  8 ushabtiu (Crypt:3)
  A wind drake zombie (Crypt:2)
  7 vampires
  4 hogs (D:9)
  38 yaks
  A spriggan (shapeshifter) (D:15)
  9 wyverns
  A human (D:9)
  A golden eye (shapeshifter) (Vaults:2)
  7 hungry ghosts
  3 fire elementals (Elf:2)
  A chaos spawn (Abyss:4)
  A wind drake skeleton (Crypt:1)
  A yaktaur simulacrum (Vaults:1)
  A steam dragon (shapeshifter) (Vaults:5)
  25 vampire mosquitoes
  5 basilisks
  A human simulacrum (Vaults:3)
  9 insubstantial wisps
  41 nagas
  20 wargs
  20 swamp worms
  An acid dragon (shapeshifter) (Depths:5)
  An acid dragon (D:15)
  16 hell hounds
  3 floating eyes
  15 porcupines
  26 water moccasins
  3 phantoms
  11 swamp drakes
  2 sky beasts
  14 black bears
  Purgy (D:4)
  74 orc warriors
  A manticore zombie (Abyss:4)
  A sky beast (shapeshifter) (Depths:4)
  2 eyes of draining
  2 necrophages
  A black bear (shapeshifter) (Vaults:1)
  6 ice beasts
  An ettin simulacrum (Depths:1)
  30 ogres
  19 wolves
  17 centaurs
  6 boggarts
  A swamp dragon skeleton (Crypt:2)
  12 crocodiles
  Blork the orc (Temple)
  A salamander zombie (Crypt:1)
  3 big kobolds
  3 earth elementals
  A fire crab zombie (Crypt:2)
  15 bullfrogs
  An ogre simulacrum (Vaults:1)
  A troll zombie (Crypt:3)
  2 wyvern skeletons
  6 scorpions
  A water moccasin zombie (Crypt:3)
  A spriggan skeleton (D:11)
  12 killer bees
  12 jellies
  35 wights
  4 electric eels
  A troll skeleton (D:11)
  13 crimson imps
  7 howler monkeys
  A bullfrog zombie (D:5)
  5 quasits
  10 hounds
  30 orc priests
  9 centaur skeletons
  41 orc wizards
  4 bullfrog skeletons
  3 iguanas
  Ijyb (D:5)
  A basilisk skeleton (Crypt:1)
  Natasha (thrice) (D:4)
  7 hell rats (Lair:6)
  12 worker ants
  A porcupine skeleton (Crypt:2)
  2 deep dwarf skeletons (Crypt:3)
  A naga skeleton (Crypt:2)
  A hound skeleton (D:7)
  13 mummies (Crypt:3)
  A worker ant zombie (D:7)
  19 adders
  4 gnolls (D:4)
  3 howler monkey skeletons
  A scorpion zombie (Crypt:2)
  3 shadow imps
  13 white imps
  7 oozes
  2 adder zombies
  An adder skeleton (D:4)
  An iguana skeleton (Crypt:3)
  4 worms
  2 dart slugs
  9 leopard geckos
  182 orcs
  A bat skeleton (Crypt:3)
  8 giant cockroaches
  9 goblins
  7 hobgoblins
  6 jackals
  3 quokkas
  7 ball pythons
  9 bats
  6 frilled lizards
  2 frilled lizard skeletons (Crypt:1)
  31 kobolds
  A leopard gecko skeleton (D:5)
  An orc skeleton (Crypt:3)
  6 rats
  5 briar patches
  2 crawling corpses (Elf:3)
  4 plants
  A starspawn tentacle (Abyss:4)
2875 creatures vanquished.

Vanquished Creatures (collateral kills)
  2 vampire mosquitoes (Swamp:3)
2 creatures vanquished.

Vanquished Creatures (others)
  2 deep elf master archers (Elf:3)
  A frost giant (D:15)
  A nagaraja (Snake:4)
  A draconian stormcaller (Zot:2)
  A very ugly thing (Abyss:4)
  A vampire knight (Depths:3)
  3 stone giants
  3 yaktaur captains
  A fire dragon (Depths:1)
  A two-headed ogre (Vaults:4)
  A centaur warrior (Depths:2)
  An ogre mage (Vaults:1)
  2 naga sharpshooters
  A deep elf archer (Elf:3)
  2 vault sentinels
  11 yaktaurs
  A guardian mummy (Crypt:3)
  A raiju (Abyss:4)
  3 water elementals
  A sky beast (D:12)
  An orc warrior (Vaults:4)
  An ogre (Vaults:1)
  4 centaurs
  An iron imp (Abyss:4)
  4 orcs
  6 briar patches (Swamp:2)
  15 fungi
  21 plants
  5 starspawn tentacles (Abyss:4)
97 creatures vanquished.

Grand Total: 2974 creatures vanquished

Notes
Turn   | Place    | Note
-------+----------+-------------------------------------------
     0 | D:1      | theElss the Gargoyle Berserker began the quest for the Orb.
     0 | D:1      | Reached XP level 1. HP: 14/14 MP: 1/1
   221 | D:1      | Reached XP level 2. HP: 19/19 MP: 2/2
   600 | D:2      | Reached XP level 3. HP: 23/23 MP: 3/3
   604 | D:2      | Reached ** piety under Trog
   777 | D:2      | Reached skill level 4 in Maces & Flails
   826 | D:2      | Reached XP level 4. HP: 27/29 MP: 4/4
  1430 | D:3      | Reached XP level 5. HP: 33/33 MP: 5/5
  1476 | D:3      | Reached *** piety under Trog
  1867 | D:4      | Reached skill level 5 in Maces & Flails
  2017 | D:4      | Found a staircase to the Ecumenical Temple.
  2037 | D:4      | Noticed Britaniac's ghost (amateur DDFi)
  2040 | D:4      | Noticed Blork the orc
  2058 | Temple   | Entered the Ecumenical Temple
  2081 | Temple   | Killed Blork the orc
  2081 | Temple   | Reached XP level 6. HP: 23/38 MP: 6/6
  2415 | D:4      | Noticed Purgy
  2423 | D:4      | Killed Purgy
  2488 | D:4      | Noticed Natasha
  2495 | D:4      | Killed Natasha
  2516 | D:4      | Noticed Natasha
  2517 | D:4      | Noticed an ice beast
  2528 | D:4      | Noticed a phantom
  2535 | D:4      | Killed an ice beast
  2535 | D:4      | Reached skill level 6 in Maces & Flails
  2535 | D:4      | Reached XP level 7. HP: 44/44 MP: 7/7
  2536 | D:4      | Killed Natasha
  2607 | D:4      | Noticed Natasha
  2617 | D:4      | Killed Natasha
  3241 | D:4      | Killed Britaniac's ghost
  3241 | D:4      | Reached skill level 5 in Fighting
  3241 | D:4      | Reached skill level 7 in Maces & Flails
  3241 | D:4      | Reached skill level 5 in Armour
  3241 | D:4      | Reached XP level 8. HP: 42/49 MP: 8/8
  3504 | D:5      | Entered Level 5 of the Dungeon
  3521 | D:5      | Noticed Ijyb
  3530 | D:5      | Killed Ijyb
  4114 | D:5      | Reached skill level 8 in Maces & Flails
  4123 | D:5      | Reached **** piety under Trog
  5179 | D:7      | Found Foriab's Antique Weapon Shoppe.
  5197 | D:7      | Reached XP level 9. HP: 50/55 MP: 9/9
  5520 | D:7      | Reached skill level 9 in Maces & Flails
  6631 | D:8      | Noticed a two-headed ogre
  6636 | D:8      | Noticed Maurice
  6637 | D:8      | Killed a two-headed ogre
  6646 | D:8      | Killed Maurice
  6646 | D:8      | Reached skill level 10 in Maces & Flails
  6646 | D:8      | Reached XP level 10. HP: 59/63 MP: 10/10
  7216 | D:8      | Reached ***** piety under Trog
  7243 | D:8      | Found a staircase to the Lair.
  7381 | D:8      | Found Zin's Purification Station.
  7401 | D:8      | Found a glowing silver altar of Zin.
  7915 | D:8      | Found an ancient bone altar of Kikubaaqudgha.
  7915 | D:8      | Found a shattered altar of Ashenzari.
  8032 | D:9      | Reached skill level 11 in Maces & Flails
  8057 | D:9      | Received a gift from Trog
  8293 | D:9      | Found a roughly hewn altar of Beogh.
  8420 | D:9      | Found a bloodstained altar of Trog.
  8814 | D:9      | Found Zantitij's Jewellery Emporium.
  8819 | D:9      | Bought a cursed amulet of inaccuracy for 24 gold pieces
  8819 | D:9      | Bought a cursed -3 ring of slaying for 24 gold pieces
  8970 | D:9      | Found a shadowy altar of Dithmenos.
  9160 | D:9      | Reached XP level 11. HP: 68/68 MP: 11/11
  9165 | D:9      | Reached skill level 12 in Maces & Flails
  9312 | D:10     | Entered Level 10 of the Dungeon
  9315 | D:10     | Noticed a two-headed ogre
  9316 | D:10     | Noticed Fannar
  9802 | D:9      | Received a gift from Trog
 10440 | D:9      | Reached skill level 1 in Shields
 10458 | D:10     | Killed Fannar
 10542 | D:9      | Killed a two-headed ogre
 11072 | D:11     | Reached skill level 13 in Maces & Flails
 11144 | D:11     | Noticed a two-headed ogre
 11156 | D:11     | Killed a two-headed ogre
 11369 | D:11     | Noticed a manticore
 11376 | D:11     | Killed a manticore
 11376 | D:11     | Reached skill level 10 in Armour
 11681 | D:11     | Reached XP level 12. HP: 71/76 MP: 12/12
 12519 | D:12     | Noticed a death knight
 12551 | D:12     | Killed a death knight
 12582 | D:12     | Received a gift from Trog
 12809 | D:12     | Noticed a two-headed ogre
 12813 | D:12     | Killed a two-headed ogre
 12813 | D:12     | Reached skill level 10 in Fighting
 12813 | D:12     | Reached skill level 14 in Maces & Flails
 12892 | D:12     | Found Ocozo's Distillery.
 12909 | D:12     | Bought a potion of heal wounds for 70 gold pieces
 12998 | D:12     | Reached skill level 5 in Shields
 13056 | D:12     | Noticed a two-headed ogre
 13073 | D:12     | Killed a two-headed ogre
 13184 | D:12     | Found a staircase to the Orcish Mines.
 13336 | Lair:1   | Entered Level 1 of the Lair of Beasts
 14177 | Lair:1   | Reached skill level 15 in Maces & Flails
 14177 | Lair:1   | Reached XP level 13. HP: 77/83 MP: 13/13
 14744 | Lair:2   | Received a gift from Trog
 15361 | Lair:3   | Found a staircase to the Snake Pit.
 15383 | Lair:3   | Found a staircase to the Swamp.
 15974 | Lair:3   | Got a faintly glowing short sword
 15975 | Lair:3   | Identified the +4 short sword of the Shining Light {elec, Int+6} (You found it on level 3 of the Lair of Beasts)
 16855 | Lair:4   | Reached skill level 16 in Maces & Flails
 17656 | Lair:5   | Found a staircase to the Slime Pits.
 18035 | Lair:5   | Gained mutation: Your large and strong wings let you fly indefinitely. [Gargoyle growth]
 18035 | Lair:5   | Reached XP level 14. HP: 50/92 MP: 14/14
 18090 | Lair:5   | Found a stormy altar of Qazlal.
 18465 | Lair:6   | Entered Level 6 of the Lair of Beasts
 18602 | Lair:6   | Reached skill level 17 in Maces & Flails
 18767 | Lair:6   | Reached ****** piety under Trog
 18960 | Lair:6   | Received a gift from Trog
 19663 | Lair:6   | Noticed Josephine
 19683 | Lair:6   | Killed Josephine
 19742 | Lair:6   | Reached skill level 18 in Maces & Flails
 20170 | Lair:6   | Reached XP level 15. HP: 99/99 MP: 15/15
 20267 | Lair:6   | Received a gift from Trog
 20681 | Lair:6   | Received a gift from Trog
 21905 | Orc:1    | Entered Level 1 of the Orcish Mines
 21911 | Orc:1    | Noticed Harold
 22101 | D:12     | Killed Harold
 22433 | Orc:1    | Noticed an orc warlord
 22631 | Orc:1    | Noticed an orc warlord
 22735 | D:12     | Killed an orc warlord
 23120 | D:12     | Killed an orc warlord
 23186 | Orc:1    | Received a gift from Trog
 24007 | Orc:2    | Entered Level 2 of the Orcish Mines
 24092 | Orc:2    | Found Xeloriry's Antique Armour Emporium.
 24098 | Orc:2    | Bought a runed cloak for 172 gold pieces
 24117 | Orc:2    | Found a staircase to the Elven Halls.
 24213 | Orc:2    | Found Nasinoi's Assorted Antiques.
 24234 | Orc:2    | Bought a pair of pitted boots for 247 gold pieces
 24244 | Orc:2    | Identified the +0 pair of boots of Recklessness {Slay+2} (You bought it in a shop on level 2 of the Orcish Mines)
 24594 | Orc:2    | Noticed an orc warlord
 24626 | Orc:2    | Killed an orc warlord
 24920 | Orc:2    | Received a gift from Trog
 24929 | Orc:2    | Got a pitted demon whip {god gift}
 24930 | Orc:2    | Identified the +1 demon whip of Mecamo {distort, MR+ Dex+5 SInv Stlth+} (Trog gifted it to you on level 2 of the Orcish Mines)
 24948 | Orc:2    | Found Ahoxe's Armour Boutique.
 25120 | Orc:2    | Found Gykiefizog's Antique Armour Shoppe.
 25120 | Orc:2    | Found Woneudyo's Assorted Antiques.
 25225 | Orc:2    | Found Qex Soti's Food Shoppe.
 25225 | Orc:2    | Found Ytzegesu's Antique Weapon Shop.
 25268 | Orc:2    | Found a roughly hewn altar of Beogh.
 25529 | D:13     | Found a basalt altar of Yredelemnul.
 25957 | D:13     | Reached XP level 16. HP: 107/107 MP: 5/16
 26143 | D:13     | Received a gift from Trog
 26187 | D:13     | Found a bloodstained altar of Trog.
 26388 | D:13     | Reached skill level 19 in Maces & Flails
 26395 | D:13     | Found a portal to a secret trove of treasure.
 26485 | D:13     | You are sucked into a shaft!
 27145 | D:14     | Found Cimo's Elemental Accessories.
 27234 | D:14     | Noticed Rupert
 27254 | D:14     | Killed Rupert
 27254 | D:14     | Received a gift from Trog
 27300 | D:14     | Found a gate to the Vaults.
 27383 | D:14     | Got a wavering ivory ring
 27385 | D:14     | Identified the ring of Jesots {rElec rF+ Dex-2 Slay+5} (You found it on level 14 of the Dungeon)
 27735 | D:15     | Entered Level 15 of the Dungeon
 27745 | D:15     | Received a gift from Trog
 28206 | D:15     | Reached skill level 10 in Shields
 28436 | D:15     | Got an iridescent trident
 28675 | D:15     | Paralysed by a floating eye for 4 turns
 28943 | D:15     | Found a staircase to the Depths.
 28955 | D:15     | Received a gift from Trog
 29297 | Swamp:1  | Entered Level 1 of the Swamp
 29305 | Swamp:1  | Noticed a thorn hunter
 29317 | Swamp:1  | Killed a thorn hunter
 29855 | Swamp:1  | Reached XP level 17. HP: 103/112 MP: 5/17
 30850 | Swamp:2  | Got an agate-encrusted leather armour
 31322 | Swamp:2  | Identified the +5 leather armour of the Land of Plenty {rElec} (You found it on level 2 of the Swamp)
 31545 | Swamp:3  | Received a gift from Trog
 32271 | Swamp:3  | Reached skill level 15 in Shields
 32309 | Swamp:4  | Entered Level 4 of the Swamp
 32384 | Swamp:4  | Reached skill level 1 in Evocations
 32503 | Swamp:4  | Noticed a tentacled monstrosity
 32515 | Swamp:4  | Killed a tentacled monstrosity
 32920 | Swamp:4  | Noticed feelmyfire's ghost (adept DEFE)
 32938 | Swamp:4  | Killed feelmyfire's ghost
 33059 | Swamp:4  | Reached skill level 5 in Evocations
 34138 | Swamp:4  | Noticed a tentacled monstrosity
 34147 | Swamp:4  | Killed a tentacled monstrosity
 34147 | Swamp:4  | Reached XP level 18. HP: 118/118 MP: 7/23
 34276 | Swamp:4  | Got a decaying rune of Zot
 34412 | Swamp:2  | Received a gift from Trog
 34459 | Snake:1  | Entered Level 1 of the Snake Pit
 34724 | Snake:1  | Noticed Aizul
 34730 | Snake:1  | Noticed Azrael
 34748 | Lair:3   | Killed Aizul
 35128 | Snake:1  | Killed Azrael
 35170 | Snake:1  | Found a burning altar of Makhleb.
 35182 | Snake:1  | Noticed Donald
 35207 | Snake:1  | Killed Donald
 35230 | Snake:1  | Found Vuaqaidgh's Armour Shop.
 35419 | Snake:1  | Found Haott's Antique Armour Emporium.
 35548 | Snake:1  | Found Ocwatib's Antique Weapon Shop.
 35959 | Snake:2  | Reached skill level 10 in Evocations
 36691 | Snake:2  | Reached skill level 15 in Fighting
 37184 | Snake:3  | Noticed skittles's ghost (adept DrFE)
 37204 | Snake:3  | Killed skittles's ghost
 37394 | Snake:3  | Received a gift from Trog
 37650 | Snake:3  | Noticed MirrMurr's ghost (adept SpEn)
 37676 | Snake:3  | Killed MirrMurr's ghost
 37849 | Snake:3  | Found Imimuze's Assorted Antiques.
 37860 | Snake:3  | Found Cuhugrev's Jewellery Shop.
 37866 | Snake:3  | Found Uklot's General Store.
 37892 | Snake:3  | Found Toffoavo's Weapon Shop.
 38438 | Snake:4  | Entered Level 4 of the Snake Pit
 38777 | Snake:4  | Reached XP level 19. HP: 117/124 MP: 8/26
 38942 | Snake:4  | Received a gift from Trog
 40049 | Snake:4  | Received a gift from Trog
 40540 | Snake:4  | Got a serpentine rune of Zot
 40990 | Vaults:1 | Entered Level 1 of the Vaults
 41085 | Vaults:1 | Paralysed by fainting for 9 turns
 41304 | Vaults:1 | Reached XP level 20. HP: 129/132 MP: 9/27
 41373 | Vaults:1 | Reached skill level 20 in Maces & Flails
 41427 | Vaults:1 | Reached skill level 15 in Armour
 41468 | Vaults:1 | Received a gift from Trog
 42199 | Vaults:1 | Received a gift from Trog
 43919 | Vaults:2 | Received a gift from Trog
 44653 | Vaults:2 | Reached XP level 21. HP: 140/140 MP: 9/28
 44725 | Vaults:2 | Received a gift from Trog
 44740 | Vaults:2 | Got a warped flail {god gift}
 44744 | Vaults:2 | Identified the +5 flail of Accidental Termination {crush, rN+ MR- Int+2} (Trog gifted it to you on level 2 of the Vaults)
 44790 | Vaults:2 | Noticed Nikola
 44809 | Vaults:2 | Killed Nikola
 44823 | Vaults:2 | Got a pair of heavily runed gloves
 44844 | Vaults:2 | Identified the -2 pair of gloves "Inudwudd" {rPois} (You took it off Nikola on level 2 of the Vaults)
 45732 | Vaults:3 | Received a gift from Trog
 45875 | Vaults:3 | Noticed Monsterracer's ghost (adept HaHu)
 45911 | Vaults:3 | Killed Monsterracer's ghost
 46471 | Vaults:3 | Received a gift from Trog
 46663 | Vaults:3 | Reached skill level 21 in Maces & Flails
 47216 | Vaults:3 | Found a staircase to the Crypt.
 47686 | Vaults:4 | Reached XP level 22. HP: 65/148 MP: 9/29
 48055 | Vaults:4 | Received a gift from Trog
 49155 | Vaults:4 | Noticed Boris
 49231 | Vaults:4 | Killed Boris
 49917 | Elf:1    | Entered Level 1 of the Elven Halls
 50149 | Elf:1    | Found Axirgh's General Store.
 50170 | Elf:1    | Found Taoggoco's Weapon Emporium.
 50175 | Elf:1    | Identified a scroll of acquirement
 50269 | Elf:1    | Received a gift from Trog
 50296 | Elf:1    | Got an ancient demon whip {god gift}
 50304 | Elf:1    | Identified the +6 demon whip "Woaly" {venom, *Contam rElec rN++ Int+3} (Trog gifted it to you on level 1 of the Elven Halls)
 50305 | Elf:1    | Found Bier's Assorted Antiques.
 51204 | Elf:2    | Found a runed gate.
 51204 | Elf:2    | Found a runed gate.
 51204 | Elf:2    | Found a runed gate.
 51363 | Elf:2    | Found Syopua's Jewellery Shoppe.
 51364 | Elf:2    | Found Loplolo's Gadget Boutique.
 51365 | Elf:2    | Found Fyng's Jewellery Shoppe.
 51375 | Elf:2    | Bought an uncursed ring of see invisible for 270 gold pieces
 51665 | Elf:2    | Received a gift from Trog
 51938 | Elf:2    | Reached XP level 23. HP: 156/156 MP: 30/30
 52205 | Elf:3    | Entered Level 3 of the Elven Halls
 52226 | Elf:3    | Noticed gottagoquickly's ghost (adept MiBe)
 52268 | Elf:3    | Killed gottagoquickly's ghost
 52541 | Elf:3    | Received a gift from Trog
 52549 | Elf:3    | Got a pitted flail {god gift}
 52568 | Elf:3    | Identified the +2 flail of Disgust {drain, rC+ Str+2 Int+4} (Trog gifted it to you on level 3 of the Elven Halls)
 52570 | Elf:3    | Gained mutation: Your body sometimes deteriorates upon taking damage. [mutagenic glow]
 53185 | Elf:3    | Reached skill level 22 in Maces & Flails
 53875 | Elf:3    | Received a gift from Trog
 54340 | Elf:3    | Identified the Guide on Arcane Weapons
 54690 | Elf:3    | Identified the Papyrus of the Floating Entourage
 54780 | Elf:3    | Identified a +1 pair of boots of running (You found it on level 3 of the Elven Halls)
 56258 | Crypt:1  | Entered Level 1 of the Crypt
 56699 | Crypt:1  | Received a gift from Trog
 57866 | Crypt:2  | Found a corrupted altar of Lugonu.
 57892 | Crypt:2  | Found a one-way gate to the infinite horrors of the Abyss.
 57951 | Crypt:2  | Found a basalt altar of Yredelemnul.
 57992 | Crypt:2  | Reached XP level 24. HP: 145/164 MP: 30/30
 57997 | Crypt:2  | Received a gift from Trog
 58023 | Crypt:2  | Got a fine mace {god gift}
 58171 | Crypt:3  | Entered Level 3 of the Crypt
 58305 | Crypt:3  | Noticed Jory
 58701 | Crypt:3  | Killed Jory
 59853 | Crypt:3  | Received a gift from Trog
 59885 | Crypt:3  | Found a staircase to the Tomb.
 59916 | Crypt:3  | Got a bloodstained mace {god gift}
 60457 | Crypt:3  | Identified Itibbafy's Compendium of Black Secrets
 60635 | Crypt:3  | Noticed a greater mummy
 60669 | Crypt:3  | Killed a greater mummy
 61727 | Lair:1   | Identified the +1 mace "Asmous" {venom, rF+ Str+6 Int+4} (Trog gifted it to you on level 2 of the Crypt)
 61728 | Lair:1   | Identified the +8 mace of Regicide {crush, rPois} (Trog gifted it to you on level 3 of the Crypt)
 61780 | D:10     | Gained mutation: Your body often deteriorates upon taking damage. [mutagenic glow]
 61911 | Depths:1 | Entered Level 1 of the Depths
 62798 | Depths:1 | Got a pair of slimy gloves
 62809 | Depths:1 | Identified the +3 pair of gloves of Derie {Dex+3} (You found it on level 1 of the Depths)
 62904 | Depths:1 | Found a glowing golden altar of the Shining One.
 63157 | Depths:1 | Received a gift from Trog
 63368 | Depths:1 | Found a one-way gate leading to the halls of Pandemonium.
 63828 | Depths:1 | Found a gateway to Hell.
 63864 | Depths:1 | Found a gateway to a ziggurat.
 64737 | Depths:2 | Noticed a caustic shrike
 64759 | Depths:2 | Killed a caustic shrike
 64759 | Depths:2 | Reached XP level 25. HP: 161/172 MP: 30/30
 64770 | Depths:2 | Received a gift from Trog
 64944 | Depths:2 | Reached skill level 23 in Maces & Flails
 65123 | Depths:2 | Noticed a juggernaut
 65334 | Depths:2 | Paralysed by a great orb of eyes for 7 turns
 65670 | Depths:2 | Paralysed by a floating eye for 2 turns
 65704 | Depths:2 | Paralysed by a great orb of eyes for 7 turns
 65975 | Depths:2 | Received a gift from Trog
 66121 | Depths:2 | Paralysed by a great orb of eyes for 3 turns
 66125 | Depths:2 | Cast into level 4 of the Abyss (a lich)
 66129 | Abyss:4  | Found a corrupted altar of Lugonu.
 66406 | Depths:2 | Escaped the Abyss
 66574 | Depths:2 | Killed a juggernaut
 67458 | Depths:2 | Found Seigi's Antique Armour Shop.
 67458 | Depths:2 | Found Peeduf's Weapon Emporium.
 67459 | Depths:2 | Found Lolaub's Antique Armour Boutique.
 67459 | Depths:2 | Found Xintebla's Food Emporium.
 68585 | D:13     | You paid a toll of +2 shadow dragon scales to enter a treasure trove
 68586 | Trove    | Entered a treasure trove
 68596 | Trove    | Got an ichor-stained morningstar
 68599 | Trove    | Got a transparent mace
 68607 | Trove    | Got a crude flail
 68611 | Trove    | Got an iridescent halberd
 68618 | Trove    | Got an encrusted eveningstar
 68761 | Lair:1   | Identified the +7 mace of the Hierophant {crush, Str+2} (You found it in a treasure trove)
 68762 | Lair:1   | Identified the +9 morningstar of the Fortune-Teller {crush, rElec} (You found it in a treasure trove)
 68763 | Lair:1   | Identified the +9 flail "Muylumet" {venom, rPois rN+ Dex-3 Stlth+} (You found it in a treasure trove)
 68764 | Lair:1   | Identified the +8 eveningstar of Sanathod {flame, Dex+3} (You found it in a treasure trove)
 69024 | Depths:2 | Received a gift from Trog
 69047 | Depths:2 | Got a smoking mace {god gift}
 69048 | Depths:2 | Identified the +8 mace of Turmoil {freeze, MR+++ Str+7 Int-2 Dex-5} (Trog gifted it to you on level 2 of the Depths)
 69251 | Depths:3 | Noticed Asterion
 69263 | Depths:3 | Reached XP level 26. HP: 177/179 MP: 30/30
 69280 | Depths:3 | Killed Asterion
 69504 | Depths:3 | Paralysed by a vampire knight for 4 turns
 69524 | Depths:3 | Noticed Margery
 69539 | Depths:3 | Killed Margery
 69550 | Depths:3 | Received a gift from Trog
 69578 | Depths:3 | Found Bofe's Gadget Emporium.
 69600 | Depths:3 | Noticed Mennas
 69684 | Depths:3 | Killed Mennas
 70192 | Depths:3 | Paralysed by a sphinx for 5 turns
 70421 | Depths:3 | Got a faintly humming plate armour
 70469 | Depths:3 | Paralysed by a lich for 4 turns
 70821 | Depths:3 | Identified the +6 plate armour of the Game of Kings {MR- rCorr Str+4 Stlth+} (You found it on level 3 of the Depths)
 70952 | Depths:4 | Noticed Mara
 71143 | Depths:4 | Noticed Saint Roka
 71315 | Depths:3 | Killed Saint Roka
 71769 | Depths:4 | Received a gift from Trog
 71808 | Depths:4 | Found Nane's Food Shop.
 71852 | Depths:4 | Noticed theElss's illusion
 71866 | Depths:4 | Killed Mara
 72060 | Depths:4 | Paralysed by a floating eye for 4 turns
 72483 | Depths:4 | Reached XP level 27. HP: 186/186 MP: 31/31
 72584 | Depths:4 | Received a gift from Trog
 72614 | Depths:4 | Reached skill level 24 in Maces & Flails
 73093 | Depths:5 | Entered Level 5 of the Depths
 73093 | Depths:5 | Found Gholiw's Goods Gallery.
 73098 | Depths:5 | Noticed Frederick
 73113 | Depths:5 | Killed Frederick
 73467 | Depths:5 | Got a coiled golden amulet
 73469 | Depths:5 | Identified the amulet "Fosm" {Gourm rF+} (You found it on level 5 of the Depths)
 73525 | Depths:5 | Noticed Boris
 73553 | Depths:5 | Killed Boris
 73573 | Depths:5 | Received a gift from Trog
 74188 | Depths:5 | Found a runed door.
 74188 | Depths:5 | Found a runed door.
 74815 | Depths:5 | Received a gift from Trog
 74873 | Depths:5 | Found a runed door.
 74880 | Depths:5 | Found a runed door.
 74890 | Depths:5 | Found a gate to the Realm of Zot.
 74969 | Depths:5 | Found a runed door.
 75019 | Depths:5 | Found a runed door.
 75445 | Lair:1   | Upgraded the game from 0.20.0-1-g1cb1d84 to 0.20.0-4-g10b340a
 75976 | Depths:2 | Bought a shiny large shield for 330 gold pieces
 76283 | Vaults:5 | Entered Level 5 of the Vaults
 76714 | Vaults:5 | Reached skill level 25 in Maces & Flails
 77033 | Vaults:5 | Received a gift from Trog
 77286 | Vaults:5 | Received a gift from Trog
 78279 | Vaults:5 | Identified Sif Muna's Volume of Cloudy Intoxication
 78489 | Vaults:5 | Got a silver rune of Zot
 78741 | Vaults:5 | Identified the Reference Book on Self-Improvement and Evil
 79205 | Zot:1    | Entered Level 1 of the Realm of Zot
 80445 | Zot:1    | Received a gift from Trog
 80457 | Zot:1    | Reached skill level 5 in Dodging
 81177 | Zot:2    | Identified Sif Muna's Incunabulum of Poison and Fascination
 81336 | Zot:2    | Received a gift from Trog
 82065 | Zot:2    | Reached skill level 26 in Maces & Flails
 82458 | Zot:2    | Found a huge runed gate.
 82458 | Zot:2    | Found a huge runed gate.
 82459 | Zot:2    | Found a huge runed gate.
 82459 | Zot:2    | Found a huge runed gate.
 82459 | Zot:2    | Found a huge runed gate.
 82468 | Zot:2    | Found a huge runed gate.
 82468 | Zot:2    | Found a huge runed gate.
 82468 | Zot:2    | Found a huge runed gate.
 82468 | Zot:2    | Found a huge runed gate.
 82468 | Zot:2    | Found a huge runed gate.
 82468 | Zot:2    | Found a huge runed gate.
 82469 | Zot:2    | Found a huge runed gate.
 82470 | Zot:2    | Found a huge runed gate.
 82471 | Zot:2    | Found a huge runed gate.
 82472 | Zot:2    | Found a huge runed gate.
 82711 | Zot:2    | Found a huge runed gate.
 82711 | Zot:2    | Found a huge runed gate.
 82711 | Zot:2    | Found a huge runed gate.
 82712 | Zot:2    | Found a huge runed gate.
 82712 | Zot:2    | Found a huge runed gate.
 82761 | Zot:2    | HP: 6/193 [Killer Klown (4)]
 82761 | Zot:2    | HP: 2/193 [deathcap/drain life[a curse toe] (4)]
 82762 | Zot:2    | Mangled by a death cob

Skill      XL: |  1  2  3  4  5  6  7  8  9 10 11 12 13 14 15 16 17 18 19 20 21 22 23 24 25 26 27 |
---------------+----------------------------------------------------------------------------------+-----
Maces & Flails | 4 5 6 7 8 10 11 13 15 16 18 19 20 21 22 23 26 | 26.1
Armour         | 3 4 5 6 8 9 10 11 12 13 14 15 16 17 18 19 20 | 20.5
Fighting       | 4 5 7 8 9 10 12 13 14 15 16 17 18 19 20 21 22 25 | 25.4
Dodging        | 2 3 4 6 |  6.1
Shields        | 3 5 7 12 15 16 17 18 19 20 21 22 23 25 | 25.0
Evocations     | 7 10 14 | 14.0

Action                   |  1- 3 |  4- 6 |  7- 9 | 10-12 | 13-15 | 16-18 | 19-21 | 22-24 | 25-27 || total
-------------------------+-------+-------+-------+-------+-------+-------+-------+-------+-------++-------
Melee: Mace              |    84 |   252 |   579 |   129 |       |       |       |   192 |    40 ||  1276
       Dire flail        |       |       |       |   368 |       |       |       |       |       ||   368
       Great mace        |       |       |       |   460 |   941 |       |       |       |       ||  1401
       Flail             |       |       |       |    83 |       |       |       |       |       ||    83
       Morningstar       |       |       |       |       |   661 |   881 |       |       |  1396 ||  2938
       Demon whip        |       |       |       |       |     3 |  1010 |  2144 |  2410 |       ||  5567
       Eveningstar       |       |       |       |       |       |     1 |       |       |       ||     1
       Shillelagh        |       |       |       |       |       |       |       |   227 |  1268 ||  1495
Invok: Berserk           |     1 |     5 |     7 |     8 |     8 |    10 |     3 |     3 |     6 ||    51
       Trog's Hand       |       |     1 |       |       |     3 |     1 |     3 |     2 |     8 ||    18
       Brothers in Arms  |       |       |       |       |       |     1 |     1 |     2 |     1 ||     5
 Abil: Fly               |       |       |       |       |     1 |       |       |       |       ||     1
  Use: Scroll            |       |       |     7 |     2 |     7 |     6 |     2 |    12 |     5 ||    41
       Potion            |       |       |       |       |       |       |       |       |     6 ||     6
 Stab: Distracted        |       |       |       |     1 |       |       |       |       |     2 ||     3
       Petrified         |       |       |       |       |       |     3 |       |       |       ||     3
       Confused          |       |       |       |       |       |       |       |       |     2 ||     2
  Eat: Chunk             |     1 |     5 |    10 |    36 |    42 |    38 |    30 |    41 |    95 ||   298
       Meat ration       |       |     1 |     1 |       |       |       |       |       |       ||     2
       Royal jelly       |       |     1 |       |       |     2 |     4 |       |     4 |       ||    11
       Bread ration      |       |       |     1 |       |       |       |       |       |       ||     1
       Fruit             |       |       |       |     2 |     2 |    10 |     5 |    11 |     2 ||    32
Armor: Chain mail        |    61 |   212 |   406 |   226 |       |       |       |       |       ||   905
       Animal skin       |     1 |       |       |       |       |       |       |       |       ||     1
       Plate armour      |       |       |       |   471 |  1171 |   387 |       |       |       ||  2029
       Leather armour    |       |       |       |       |       |   252 |       |       |       ||   252
       Gold dragon scale |       |       |       |       |       |   143 |   904 |   902 |  1365 ||  3314
Dodge: Dodged            |    31 |   115 |   302 |   481 |   661 |   481 |   234 |   291 |   391 ||  2987
Block: Buckler           |       |       |       |    11 |   150 |    22 |       |       |       ||   183
       Shield            |       |       |       |       |       |   811 |  1050 |  1561 |   589 ||  4011
       Reflection        |       |       |       |       |       |    74 |    94 |   109 |   115 ||   392
       Large shield      |       |       |       |       |       |       |       |       |  1978 ||  1978
